 Dungeon Crawl Stone Soup version 0.27-a0-637-g3a9f0a9c12 (webtiles) character file.

Game seed: 848622391808001687

19241 Tirvaldir the Geomancer (level 12, -15/73 HPs)
             Began as a Gargoyle Earth Elementalist on Mar 14, 2021.
             Was a High Priest of Vehumet.
             Shot with an arrow by a centaur warrior (17 damage)
             ... on level 14 of the Dungeon.
             The game lasted 00:33:31 (16085 turns).

Tirvaldir the Geomancer (GrEE)                     Turns: 16085, Time: 00:33:32

Health: -15/73     AC: 21    Str: 13    XL:     12   Next: 66%
Magic:  14/24      EV: 16    Int: 22    God:    Vehumet [*****.]
Gold:   782        SH:  0    Dex: 16    Spells: 12/27 levels left

rFire    . . .     SeeInvis +   H - +10 battleaxe
rCold    . . .     Faith    .   (shield currently unavailable)
rNeg     + . .     Spirit   .   c - +0 robe
rPois    ∞         Reflect  .   l - +0 helmet of Past Mistakes {rElec rPois Will+ Dex+5}
rElec    +         Harm     .   r - +1 cloak
rCorr    +         Rampage  .   h - +2 pair of gloves
Will     +....                  D - +1 pair of boots
Stlth    ++........             (no amulet)
HPRegen  0.22/turn              j - ring of see invisible
MPRegen  0.19/turn              O - ring of the Octopus King {rCorr AC+1 EV+1 Str+1 Int+1 Dex+1}

@: about to teleport, marked
A: AC +8, negative energy resistance 1, electricity resistance, torment
resistance 1, unbreathing 1, petrification resistance, wild magic 1, evolution 1
a: Renounce Religion


You were on level 14 of the Dungeon.
You worshipped Vehumet.
Vehumet was extremely pleased with you.
You visited 1 branch of the dungeon, and saw 14 of its levels.
You also visited: Bailey.

You collected 782 gold pieces.

Inventory:

Hand Weapons
 g - a +0 flail
 i - a +3 morningstar of freezing
 v - a +1 whip of electrocution
 C - the +1 flail of Tension {speed, Str+4}
   (You found it on level 10 of the Dungeon)

   Attacks with this weapon are significantly faster.
   It affects your strength (+4).
 G - a +1 vorpal double sword
 H - a +10 battleaxe (weapon)
Missiles
 b - 369 stones
 e - a throwing net
Armour
 c - a +0 robe (worn)
 h - a +2 pair of gloves (worn)
 l - the +0 helmet of Past Mistakes (worn) {rElec rPois Will+ Dex+5}
   (You took it off Robin on level 3 of the Dungeon)

   It affects your dexterity (+5).
   It insulates you from electricity.
   It protects you from poison.
   It affects your willpower, your defense against some magical effects.
 q - a scarf of invisibility
 r - a +1 cloak (worn)
 D - a +1 pair of boots (worn)
Jewellery
 a - a ring of magical power
 j - a ring of see invisible (right hand)
 m - a ring of fire
 O - a ring of the Octopus King (left hand) {rCorr AC+1 EV+1 Str+1 Int+1 Dex+1}
   (You found it on level 13 of the Dungeon)

   [ring of resist corrosion]

   It affects your AC (+1).
   It affects your evasion (+1).
   It affects your strength (+1).
   It affects your intelligence (+1).
   It affects your dexterity (+1).
   It provides partial protection from all sources of acid and corrosion.
 P - a +6 ring of dexterity
Wands
 p - a wand of mindburst (2)
 t - a wand of polymorph (10)
 J - a wand of flame (54)
 L - a wand of paralysis (8)
 N - a wand of iceblast (4)
Scrolls
 k - 2 scrolls of teleportation
 o - 2 scrolls of fear
 B - 2 scrolls of immolation
 F - 2 scrolls of magic mapping
 K - a scroll of blinking
Potions
 d - 3 potions of flight
 f - a potion of resistance
 n - 4 potions of brilliance
 s - 4 potions of magic
 u - 3 potions of curing
 w - 4 potions of mutation
 x - a potion of experience {unknown}
 z - 3 potions of might
 A - a potion of cancellation {unknown}
 E - 2 potions of lignification
 M - a potion of attraction {unknown}
Miscellaneous
 y - a phantom mirror
 I - a box of beasts (inert)


   Skills:
 + Level 7.6 Fighting
 + Level 6.8 Maces & Flails
 - Level 6.0 Armour
 + Level 6.0 Dodging
 - Level 2.1 Stealth
 + Level 8.0 Spellcasting
 + Level 8.9 Conjurations
 - Level 0.7 Transmutations
 + Level 10.7 Earth Magic
 + Level 5.9 Evocations


You had 12 spell levels left.
You knew the following spells:

 Your Spells              Type           Power      Damage    Failure   Level
a - Sandblast             Erth           100%       2d20      1%          1
b - Stone Arrow           Conj/Erth      100%       3d13      1%          3
c - Lee's Rapid Deconstr  Erth           32%        3d17*     1%          5
d - Iron Shot             Conj/Erth      30%        9d6       8%          6

Your spell library contained the following spells:

 Spells                   Type           Power      Damage    Failure   Level
 Dazzling Flash           Conj/Hex       74%        N/A       1%          3
 Passwall                 Tmut/Erth      36%        N/A       2%          2
 Beastly Appendage        Tmut           30%        N/A       9%          1
 Petrify                  Tmut/Erth      44%        N/A       11%         4
 Corona                   Hex            12%        N/A       12%         1
 Wereblood                Tmut           15%        N/A       13%         2
 Animate Armour           Summ/Erth      84%        N/A       13%         4
 Ensorcelled Hibernation  Hex/Ice        22%        N/A       16%         2
 Spider Form              Tmut/Pois      6%         N/A       26%         3
 Confusing Touch          Hex            11%        N/A       30%         3
 Tukima's Dance           Hex            11%        N/A       30%         3
 Borgnjor's Vile Clutch   Necr/Erth      21%        N/A       30%         5
 Ice Form                 Ice/Tmut       13%        N/A       63%         4
 Summon Lightning Spire   Summ/Air       11%        N/A       67%         4
 Blade Hands              Tmut           7%         N/A       88%         5
 Summon Forest            Summ/Tloc      5%         N/A       94%         5


Dungeon Overview and Level Annotations

Branches:
Dungeon (14/15)            Temple (0/1) D:4            Lair (0/6) D:9
    Orc (0/2) D:10         Bailey (visited)
 Vaults: D:13-14

Altars:
Ashenzari
Cheibriados
Dithmenos
Elyvilon
Fedhas
Gozag
Okawaru
Qazlal
Uskayaw
Vehumet
Wu Jian
Xom
Yredelemnul
Zin

Annotations:
D:9 3 runed translucent doors, dricus's ghost, journeyman DgAE
D:14 Agnes


Innate Abilities, Weirdness & Mutations

Your stone body is resilient. (AC +8)
You are immune to poison.
You resist negative energy. (rN+)
You are resistant to electric shocks. (rElec)
You are resistant to unholy torment.
You can survive without breathing.
You are immune to petrification.
Your spells are a little harder to cast, but a little more powerful.
You evolve.


Message History

You barely miss the centaur warrior. The centaur warrior hits you.
The centaur warrior closely misses you. x2
Unknown command.
You slash the centaur warrior!
The centaur warrior is moderately wounded.
The centaur warrior hits you but does no damage. x2
You slash the centaur warrior!
The centaur warrior is heavily wounded.
The centaur warrior barely misses you.
The centaur warrior hits you but does no damage.
Unknown command.
You closely miss the centaur warrior.
The centaur warrior is heavily wounded.
Agnes the Wanderer comes into view.
She is wielding a +0 lajatang of speed.
The centaur warrior hits you but does no damage. x2
Agnes moves out of view.
Unknown command.
You slice the centaur warrior!!
The centaur warrior is severely wounded.
The centaur warrior misses you. The centaur warrior hits you.
A centaur warrior comes into view.
The centaur warrior hits you!
Agnes drinks a potion.
Agnes seems to speed up.
Unknown command.
You barely miss the centaur warrior.
The centaur warrior is severely wounded.
Agnes asks, "Have you seen my kris anywhere?"
The centaur warrior wields a +0 longbow.
The centaur warrior shoots an arrow.
The arrow hits you but does no damage. The centaur warrior hits you.
The centaur warrior shoots an arrow.
The arrow hits you!
The centaur warrior completely misses you.
As you read the scroll of teleportation, it crumbles to dust.
You feel strangely unstable.
Agnes hits you with a +0 lajatang of speed!!
* * * LOW HITPOINT WARNING * * *
Agnes hits you with a +0 lajatang of speed.
* * * LOW HITPOINT WARNING * * *
The centaur warrior hits you but does no damage.
The centaur warrior shoots an arrow.
The arrow hits you!
You die...

.... ###.. #.#.....
....... # #.#..# .#
....## #. ....#.#
#c....# # ##@i##.#..
##........#
#......####
#####.#.#..# ..⌠≈..#
..........#####.≈.≈..#
......#[#.............
.....................
.c................(#
...................#


You could see Agnes (fast) and 2 centaur warriors.

Vanquished Creatures
  A boulder beetle (D:14)
  A centaur warrior (D:13)
  A catoblepas (D:9)
  A death knight (D:13)
  A wizard (D:9)
  An orc knight (Bailey)
  3 ugly things
  A cyclops (D:11)
  A centaur zombie (D:13)
  A gargoyle (D:13)
  An efreet (D:13)
  A tengu conjurer (D:13)
  2 freezing wraiths
  3 meliai (D:13)
  Prince Ribbit (D:9)
  3 slime creatures (D:13)
  2 meliai zombies (D:13)
  A vampire (D:11)
  A shadow (D:10)
  A wyvern (D:14)
  Eustachio (D:4)
  14 yaks
  A basilisk (D:11)
  Menkaure (D:6)
  An acid dragon (D:14)
  Duvessa (D:6)
  4 ice beasts
  3 orc warriors
  6 sky beasts
  A black bear (D:13)
  8 ogres
  A necrophage (D:6)
  5 centaurs
  4 kobold brigands
  2 phantoms
  A wyvern zombie (D:13)
  10 bullfrogs
  Dowan (D:6)
  A troll zombie (D:10)
  2 scorpions
  A killer bee (D:9)
  7 wights
  2 howler monkeys (D:10)
  2 bullfrog zombies
  A quasit (D:10)
  A jelly (D:7)
  10 hounds
  Crazy Yiuf (D:6)
  2 bullfrog skeletons
  A centaur skeleton (D:7)
  A gnoll shaman (D:4)
  5 orc priests
  Ijyb (D:5)
  4 iguanas
  14 worker ants
  6 orc wizards
  A killer bee zombie (D:8)
  7 ogre zombies (D:10)
  A hound skeleton (D:11)
  A howler monkey zombie (D:8)
  A mummy (D:7)
  3 worker ant zombies
  Robin (D:3)
  11 adders
  20 gnolls
  4 white imps
  3 ufetubi
  An adder skeleton (D:9)
  A worm (D:4)
  4 dart slugs
  8 leopard geckos
  41 orcs
  9 giant cockroaches
  20 goblins
  22 hobgoblins
  5 jackals
  3 quokkas
  A ball python (D:6)
  5 bats
  3 frilled lizards
  A goblin skeleton (D:10)
  6 goblin zombies (D:10)
  2 hobgoblin skeletons (D:10)
  2 hobgoblin zombies (D:10)
  23 kobolds
  A leopard gecko zombie (D:5)
  An orc skeleton (D:10)
  13 orc zombies (D:10)
  A quokka skeleton (D:9)
  5 rats
386 creatures vanquished.

Vanquished Creatures (collateral kills)
  A tengu warrior (D:13)
  A phantasmal warrior (D:13)
  A freezing wraith (D:13)
3 creatures vanquished.

Vanquished Creatures (others)
  A centaur warrior (D:9)
  A jelly (D:9)
2 creatures vanquished.

Grand Total: 391 creatures vanquished

Notes
Turn   | Place    | Note
-------+----------+-------------------------------------------
     0 | D:1      | Tirvaldir the Gargoyle Earth Elementalist began the quest
                  | for the Orb.
     0 | D:1      | Reached XP level 1. HP: 10/10 MP: 3/3
   543 | D:1      | Reached skill level 4 in Earth Magic
   543 | D:1      | Reached XP level 2. HP: 15/15 MP: 1/5
  1274 | D:2      | Found a radiant altar of Vehumet.
  1357 | D:2      | Became a worshipper of Vehumet
  1691 | D:2      | Reached XP level 3. HP: 19/19 MP: 6/6
  1695 | D:2      | Learned a level 3 spell: Stone Arrow
  1781 | D:2      | Found a blossoming altar of Fedhas.
  1925 | D:2      | Reached skill level 1 in Conjurations
  2363 | D:2      | Reached XP level 4. HP: 24/24 MP: 8/8
  2363 | D:2      | Found an iron altar of Okawaru.
  2633 | D:3      | Reached * piety under Vehumet
  2633 | D:3      | Offered knowledge of Magic Dart by Vehumet.
  2840 | D:3      | Found a white marble altar of Elyvilon.
  3030 | D:3      | Reached skill level 5 in Earth Magic
  3033 | D:3      | Reached XP level 5. HP: 24/28 MP: 4/9
  3171 | D:3      | Learned a level 5 spell: Lee's Rapid Deconstruction
  3239 | D:4      | Identified the +0 helmet of Past Mistakes {rElec rPois
                  | Will+ Dex+5}
  3239 | D:4      | Noticed Robin
  3248 | D:4      | Noticed an ogre
  3265 | D:3      | Killed Robin
  3453 | D:4      | Noticed an ogre
  3454 | D:4      | Found a staircase to the Ecumenical Temple.
  3454 | D:4      | Noticed Eustachio
  3473 | D:4      | Reached XP level 6. HP: 26/32 MP: 5/11
  3614 | D:4      | Killed Eustachio
  3615 | D:4      | Reached skill level 6 in Earth Magic
  3615 | D:4      | Reached XP level 7. HP: 36/36 MP: 8/13
  3907 | D:4      | Reached ** piety under Vehumet
  3911 | D:4      | Offered knowledge of Freeze by Vehumet.
  4307 | D:5      | Entered Level 5 of the Dungeon
  4465 | D:5      | Reached skill level 1 in Armour
  4527 | D:5      | Reached skill level 1 in Fighting
  4527 | D:5      | Reached skill level 1 in Maces & Flails
  4527 | D:5      | Reached XP level 8. HP: 43/43 MP: 15/15
  4735 | D:5      | Noticed Ijyb
  4768 | D:5      | Killed Ijyb
  4772 | D:5      | Reached skill level 5 in Spellcasting
  4772 | D:5      | Reached skill level 7 in Earth Magic
  4869 | D:5      | Found a shimmering altar of Xom.
  5002 | D:5      | Found a stormy altar of Qazlal.
  5004 | D:5      | Noticed an air elemental
  5004 | D:5      | Noticed a water elemental
  5117 | D:6      | Offered knowledge of Searing Ray by Vehumet.
  5200 | D:6      | Noticed Menkaure
  5206 | D:6      | Killed Menkaure
  5207 | D:6      | Reached skill level 5 in Conjurations
  5277 | D:6      | Reached *** piety under Vehumet
  5320 | D:6      | Found a broken altar of Ashenzari.
  5427 | D:6      | Found a runed translucent door.
  5428 | D:6      | Noticed Crazy Yiuf
  5433 | D:6      | Killed Crazy Yiuf
  5575 | D:6      | Found an opulent altar of Gozag.
  5704 | D:6      | Reached skill level 1 in Evocations
  5717 | D:6      | Noticed Duvessa
  5717 | D:6      | Noticed Dowan
  5748 | D:6      | Killed Duvessa
  5749 | D:6      | Reached XP level 9. HP: 25/50 MP: 3/17
  5750 | D:6      | Killed Dowan
  6164 | D:7      | Found an ornate altar of the Wu Jian Council.
  6243 | D:7      | Found a flagged portal.
  6259 | Bailey   | Entered a bailey
  6300 | Bailey   | Offered knowledge of Airstrike by Vehumet.
  6703 | Bailey   | Reached **** piety under Vehumet
  6705 | Bailey   | Noticed an orc knight
  6724 | Bailey   | Killed an orc knight
  6725 | Bailey   | Reached skill level 8 in Earth Magic
  6747 | Bailey   | Offered knowledge of Sticky Flame by Vehumet.
  7323 | D:7      | Found a snail-covered altar of Cheibriados.
  7435 | D:7      | Found a hide-covered altar of Uskayaw.
  8116 | D:8      | Reached XP level 10. HP: 40/57 MP: 19/19
  8957 | D:9      | Noticed Prince Ribbit
  8968 | D:9      | Killed Prince Ribbit
  9064 | D:9      | Found a runed translucent gate.
  9064 | D:9      | Found a runed translucent gate.
  9066 | D:9      | Found a runed translucent gate.
  9073 | D:9      | Noticed dricus's ghost (journeyman DgAE)
  9077 | D:9      | Noticed a manticore
  9107 | D:9      | Found a staircase to the Lair.
  9191 | D:9      | Noticed a centaur warrior
  9191 | D:9      | Noticed a catoblepas
  9194 | D:9      | Noticed a wizard
  9202 | D:9      | Killed a centaur warrior
  9204 | D:9      | Killed a catoblepas
  9205 | D:9      | Reached skill level 5 in Fighting
  9205 | D:9      | Killed a wizard
  9206 | D:9      | Reached skill level 5 in Armour
  9228 | D:9      | Reached skill level 9 in Earth Magic
  9403 | D:9      | Identified the +1 chain mail of Impatience {+Fly Int-4
                  | Dex+6}
  9408 | D:9      | Identified the +8 arbalest of Scorn {freeze, rC++ rN+ Str+4
                  | Int-5}
  9408 | D:9      | Identified the Disquisition on Creative Clay
  9460 | D:9      | Found an ornate altar of the Wu Jian Council.
  9461 | D:9      | Found a glowing silver altar of Zin.
  9463 | D:9      | Found a broken altar of Ashenzari.
  9681 | D:9      | Gained mutation: You have a pair of small antennae on your
                  | head. [potion of mutation]
  9681 | D:9      | Gained mutation: You have a beak for a mouth. [potion of
                  | mutation]
  9682 | D:9      | Lost mutation: You have a beak for a mouth. [potion of
                  | mutation]
  9682 | D:9      | Lost mutation: You have a pair of small antennae on your
                  | head. [potion of mutation]
  9682 | D:9      | Gained mutation: Your spells are a little harder to cast,
                  | but a little more powerful. [potion of mutation]
  9682 | D:9      | Gained mutation: You evolve. [potion of mutation]
  9758 | D:9      | Found a stormy altar of Qazlal.
 10243 | D:10     | Entered Level 10 of the Dungeon
 10410 | D:10     | Reached XP level 11. HP: 64/64 MP: 15/21
 10555 | D:10     | Identified the +1 flail of Tension {speed, Str+4}
 10602 | D:10     | Reached ***** piety under Vehumet
 10616 | D:10     | Offered knowledge of Ozocubu's Refrigeration by Vehumet.
 10690 | D:10     | Found a staircase to the Orcish Mines.
 10776 | D:10     | Reached skill level 5 in Maces & Flails
 12206 | D:11     | Noticed a cyclops
 12218 | D:11     | Killed a cyclops
 12433 | D:11     | Reached skill level 5 in Dodging
 13349 | D:12     | Noticed a brown ugly thing
 13356 | D:12     | Noticed a green ugly thing
 13362 | D:12     | Killed a green ugly thing
 13368 | D:12     | Killed a brown ugly thing
 13805 | D:13     | Found the ring of the Octopus King
 13812 | D:13     | Offered knowledge of Iron Shot by Vehumet.
 13829 | D:13     | Identified a ring of the Octopus King {rCorr AC+1 EV+1
                  | Str+1 Int+1 Dex+1}
 14088 | D:13     | Reached skill level 10 in Earth Magic
 14222 | D:13     | Noticed a death knight
 14226 | D:13     | Noticed a phantasmal warrior
 14240 | D:13     | Reached skill level 5 in Evocations
 14240 | D:13     | Killed a death knight
 14272 | D:14     | Noticed a boulder beetle
 14360 | D:13     | Reached XP level 12. HP: 32/71 MP: 15/23
 14370 | D:13     | Noticed a tengu warrior
 14376 | D:13     | Killed a tengu warrior
 14718 | D:13     | Learned a level 6 spell: Iron Shot
 15516 | D:13     | Found a shadowy altar of Dithmenos.
 15765 | D:13     | Noticed a centaur warrior
 15773 | D:13     | Killed a centaur warrior
 16034 | D:14     | Killed a boulder beetle
 16071 | D:14     | Noticed a centaur warrior
 16082 | D:14     | Noticed Agnes
 16083 | D:14     | Noticed a centaur warrior
 16085 | D:14     | HP: 2/73 [Agnes/+0 lajatang of speed (3)]
 16085 | D:14     | Shot with an arrow by a centaur warrior

Illustrated notes

Levels and vault maps discovered:
D:1:      elethiomel_arrival_quiet, layout_basic, minivault_27, glass_columns_c
D:2:      layout_rooms, lemuel_coloured_pillars_altar, nicolae_vehumet_radiance,
          fedhas_altar_2
D:3:      layout_loops_cross, minivault_23, elyvilon_altar_3
D:4:      layout_rooms, minmay_temple_entry_slanted, uniq_robin, uniq_eustachio
D:5:      layout_rooms, marbit_many_paths, nicolae_qazlal_style_of_elements,
          uniq_ijyb
D:6:      layout_cave_pools, nicolae_gozag_cash_rules_everything_around_me,
          ashenzari_altar_1, serial_column_ruins, column_ruins_square_huge,
          column_ruins_hut, column_ruins_columns_straight,
          column_ruins_corridor_straight, column_ruins_grid_3,
          column_ruins_open_medium, column_ruins_corridor_dead_end,
          column_ruins_open_tiny_water, uniq_duvessa, uniq_menkaure,
          uniq_crazy_yiuf_cottage
D:7:      layout_basic, nzn_wu_jian_council_hall, slow_altar_2,
          nicolae_uskayaw_dance_studio, enter_bailey_3,
          kennysheep_generic_room_11
D:8:      layout_layer_cave
D:9:      minmay_the_grid_octo_triangle [minmay_the_grid_octo_clover,
          minmay_the_grid_octo_prize_square_snowflake,
          minmay_the_grid_octo_shrine], layout_long_grid,
          overflow_temple_1_default, gammafunk_ghost_split, uniq_prince_ribbit1
D:10:     minmay_razor_zed, layout_cave_pods, zombieorc2_lemuel,
          kennysheep_generic_room_7
D:11:     layout_cave_pools, minmay_misc_feat_iff
D:12:     layout_cave_pools
D:13:     layout_irregular_city, hangedman_decor_slide_cut,
          grunt_dithmenos_smoke_and_mirrors
D:14:     minmay_triangles_in_corner, layout_small_grid, erik_vaults_2,
          serial_co_window_serial, co_window_paths_a, co_window_paths_a,
          co_window_paths_a, co_window_paths_a, co_window_paths_b,
          co_window_corner_cb, co_window_2corner, co_window_corner_b,
          co_window_4corner_b, glass_columns_a, glass_columns_a,
          glass_columns_c, glass_columns_b, corexii_leaking_fountain, uniq_agnes

Skill      XL: |  1  2  3  4  5  6  7  8  9 10 11 12 |
---------------+-------------------------------------+-----
Earth Magic    | 4 5 6 7 8 9 10 | 10.7
Conjurations   | 1 2 3 4 5 6 7 8 |  8.9
Spellcasting   | 3 4 5 6 7 8 |  8.0
Armour         | 1 2 4 5 6 |  6.0
Fighting       | 1 3 4 5 6 7 |  7.6
Maces & Flails | 1 2 3 4 6 |  6.8
Dodging        | 2 3 4 5 6 |  6.0
Evocations     | 1 2 4 5 |  5.9
Stealth        | |  2.1
Transmutations | |  0.7

Action                   |  1- 3 |  4- 6 |  7- 9 | 10-12 || total
-------------------------+-------+-------+-------+-------++-------
Melee: Club              |    29 |       |       |       ||    29
       Unarmed           |    14 |       |       |       ||    14
       Short sword       |    82 |    31 |   134 |       ||   247
       Whip              |       |       |   116 |    67 ||   183
       Double sword      |       |       |       |   182 ||   182
       Battleaxe         |       |       |       |   165 ||   165
 Cast: Sandblast         |    30 |    52 |   108 |    17 ||   207
       Lee's Rapid Decon |       |     1 |    12 |    31 ||    44
       Stone Arrow       |       |       |    13 |    27 ||    40
       Iron Shot         |       |       |       |     8 ||     8
Evoke: Wand              |       |       |    10 |    13 ||    23
       Box of beasts     |       |       |       |     1 ||     1
  Use: Potion            |     2 |       |     3 |     8 ||    13
       Scroll            |       |     7 |     6 |     9 ||    22
 Stab: Sleeping          |       |       |     4 |     9 ||    13
       Distracted        |       |       |     1 |     1 ||     2
Armor: Robe              |    47 |    52 |   135 |   269 ||   503
       Skin              |     1 |       |       |       ||     1
Dodge: Dodged            |    95 |    84 |   234 |   415 ||   828
       Rpst.: Double sword |       |       |       |    50 ||    50

Table legend: (Time is in decaauts)
 A = Elapsed time spent in this place.
 B = Non-inter-level travel time spent in this place.
 C = Inter-level travel time spent in this place.
 D = Time resting spent in this place.
 E = Time spent auto-exploring this place.
 F = Levels seen in this place.
 G = Mean time per level.
                   A        B        C        D        E       F      G
               +--------+--------+--------+--------+--------+-----+--------+
         Total |  16262 |  15819 |    443 |   2235 |  10508 |  15 | 1084.1 |
       Dungeon |  15429 |  14986 |    443 |   1968 |  10102 |  14 | 1102.1 |
        Bailey |    833 |    833 |      0 |    267 |    406 |   1 |  833.0 |
               +--------+--------+--------+--------+--------+-----+--------+

Top non-repeatable levels by time:
    D:13: 2267 daAuts
    D:10: 1483 daAuts
    D:11: 1390 daAuts
     D:2: 1367 daAuts
     D:9: 1301 daAuts
     D:7: 1169 daAuts
     D:1: 1103 daAuts
     D:3: 1066 daAuts
     D:6: 987 daAuts
     D:8: 842 daAuts
  Bailey: 833 daAuts
     D:4: 797 daAuts
    D:12: 796 daAuts
     D:5: 782 daAuts
    D:14: 73 daAuts
